| TOP OF THE 1ST |
|
Columbus Clippers batting - Pitching for Omaha Storm Chasers : RHP Ken Hall
|
|
Pitching: RHP Ken Hall
|
|
|
Batting: LHB Gabe White
|
0-0: Ball 1-0: Ball 2-0: Ball 3-0: Called Strike 3-1: Base on Balls
|
|
Batting: LHB Corey Trevor
|
0-0: Ball 1-0: Called Strike 1-1: SINGLE (Groundball, 56S, EV 96.2 MPH) Gabe White to second
|
|
Batting: RHB Justin Ganey
|
0-0: Foul Ball, location: 2F 0-1: Fly out, F8 (Flyball, 78D, EV 89.4 MPH)
|
|
Batting: LHB Jesus Lozano
|
0-0: Called Strike Gabe White is caught stealing 3rd base 2-5 Corey Trevor to second 0-1: Called Strike 0-2: Ball 1-2: Foul Ball, location: 2F 1-2: Ball 2-2: Ball 3-2: Base on Balls
|
|
Batting: LHB Costodio Varino
|
0-0: Swinging Strike 0-1: Ball 1-1: Fielders Choice at 2nd, 5-4 (Groundball, 56, EV 81.2 MPH)
|
| Top of the 1st over - 0 runs, 1 hit, 0 errors, 2 left on base; Columbus 0 - Omaha 0 |
| BOTTOM OF THE 1ST |
|
Omaha Storm Chasers batting - Pitching for Columbus Clippers : RHP Fred Huber
|
|
Pitching: RHP Fred Huber
|
|
|
Batting: LHB Jim Pankratz
|
0-0: Ball 1-0: Called Strike 1-1: Swinging Strike 1-2: Ball 2-2: Foul Ball, location: 2F 2-2: Ball 3-2: Foul Ball, location: 2F 3-2: SINGLE (Groundball, 25, EV 66.2 MPH) (infield hit)
|
|
Batting: RHB Taisei Fujii
|
0-0: Ball 1-0: Ball 2-0: Grounds out, U3 (Groundball, 3L, EV 106.2 MPH)
|
|
Batting: LHB Shigeru Ono
|
0-0: Foul Ball, location: 2F 0-1: SINGLE (Groundball, 6D, EV 97.5 MPH) Jim Pankratz to third Runner from 3rd tries for Home, SAFE, throw by LF to home
|
|
Batting: RHB Danny Weisse
|
0-0: Called Strike 0-1: Foul Ball, location: 2F 0-2: Ball 1-2: Foul Ball, location: 2F 1-2: Strikes out swinging
|
|
Batting: SHB Francisco Gutierrez
|
0-0: Ball 1-0: Ball 2-0: Swinging Strike 2-1: Swinging Strike 2-2: Strikes out looking
|
| Bottom of the 1st over - 1 run, 2 hits, 0 errors, 1 left on base; Columbus 0 - Omaha 1 |
| TOP OF THE 2ND |
|
Columbus Clippers batting - Pitching for Omaha Storm Chasers : RHP Ken Hall
|
|
Batting: LHB Jack Bell
|
0-0: Called Strike 0-1: Ball 1-1: Ground out 4-3 (Groundball, 4, EV 110.6 MPH)
|
|
Batting: RHB Stephen Charbonneau
|
0-0: Foul Ball, location: 2F 0-1: Ball 1-1: Ball 2-1: SINGLE (Groundball, 34, EV 100.0 MPH) (infield hit)
|
|
Batting: RHB Chang-wei Jiang
|
0-0: Called Strike Stephen Charbonneau steals 2nd base 0-1: Ball Wild Pitch! Stephen Charbonneau to third 1-1: Swinging Strike 1-2: Ball 2-2: Foul Ball, location: 2F 2-2: Foul Ball, location: 2F 2-2: Strikes out swinging
|
|
Batting: RHB Solange Le Coq
|
0-0: Called Strike 0-1: Foul Ball, location: 2F 0-2: Ball 1-2: Ball 2-2: Ground out 6-3 (Groundball, 6MD, EV 91.2 MPH)
|
| Top of the 2nd over - 0 runs, 1 hit, 0 errors, 1 left on base; Columbus 0 - Omaha 1 |
| BOTTOM OF THE 2ND |
|
Omaha Storm Chasers batting - Pitching for Columbus Clippers : RHP Fred Huber
|
|
Batting: LHB Danny Bailey
|
0-0: Called Strike 0-1: Foul Ball, location: 2F 0-2: Ball 1-2: Ball 2-2: Strikes out swinging
|
|
Batting: RHB Yuichi Takata
|
0-0: Called Strike 0-1: Ball 1-1: Ball 2-1: SINGLE (Line Drive, 8LS, EV 88.1 MPH)
|
|
Batting: RHB Kevin Roseen
|
0-0: Ball 1-0: Ball 2-0: Foul Ball, location: 2F 2-1: Swinging Strike 2-2: Foul Ball, location: 2F 2-2: Grounds into double play, 4-6-3 (Groundball, 4, EV 93.1 MPH)
|
| Bottom of the 2nd over - 0 runs, 1 hit, 0 errors, 0 left on base; Columbus 0 - Omaha 1 |
| TOP OF THE 3RD |
|
Columbus Clippers batting - Pitching for Omaha Storm Chasers : RHP Ken Hall
|
|
Batting: LHB Gabe White
|
0-0: Ball 1-0: Called Strike 1-1: SINGLE (Groundball, 4D, EV 105.6 MPH)
|
|
Batting: LHB Corey Trevor
|
0-0: Foul Ball, location: 2F 0-1: Ball 1-1: Called Strike 1-2: Strikes out swinging
|
|
Pitching: RHP Malachi Shelton
|
|
|
Pinch Hitting: LHB Justin Barker
|
0-0: Swinging Strike 0-1: Ball 1-1: Ball 2-1: Swinging Strike 2-2: Fielders Choice at 2nd, 4-6 (Groundball, 4, EV 91.9 MPH)
|
|
Batting: LHB Jesus Lozano
|
0-0: Swinging Strike 0-1: Ball 1-1: Foul Ball, location: 2F 1-2: Ground out 4-3 (Groundball, 34D, EV 82.5 MPH)
|
| Top of the 3rd over - 0 runs, 1 hit, 0 errors, 1 left on base; Columbus 0 - Omaha 1 |
| BOTTOM OF THE 3RD |
|
Omaha Storm Chasers batting - Pitching for Columbus Clippers : RHP Fred Huber
|
|
Now at C: Justin Veatch
|
|
|
Batting: RHB Jason Birge
|
0-0: Ball 1-0: Ball 2-0: DOUBLE (Line Drive, 8RXD, EV 107.5 MPH)
|
|
Batting: LHB Jim Pankratz
|
0-0: Ball 1-0: Ball 2-0: Ball 3-0: Called Strike 3-1: Base on Balls
|
|
Batting: RHB Taisei Fujii
|
0-0: Called Strike 0-1: Ball 1-1: Grounds into double play, 5-4-3 (Groundball, 56S, EV 80.6 MPH) Jason Birge to third
|
|
Batting: LHB Shigeru Ono
|
0-0: Called Strike 0-1: Called Strike 0-2: Ball 1-2: Reached on error, E1 (Groundball, P, EV 68.8 MPH) Jason Birge scores
|
|
Batting: RHB Danny Weisse
|
0-0: DOUBLE (Line Drive, 78D, EV 109.4 MPH) Shigeru Ono to third Runner from 3rd tries for Home, SAFE, throw by LF to trailing runner, OUT at third! 7-3-5
|
| Bottom of the 3rd over - 2 runs, 2 hits, 1 error, 0 left on base; Columbus 0 - Omaha 3 |
| TOP OF THE 4TH |
|
Columbus Clippers batting - Pitching for Omaha Storm Chasers : RHP Malachi Shelton
|
|
Batting: LHB Costodio Varino
|
0-0: Called Strike 0-1: Ball 1-1: Called Strike 1-2: Fly out, F8 (Flyball, 78D, EV 91.9 MPH)
|
|
Batting: LHB Jack Bell
|
0-0: Foul Ball, location: 2F 0-1: Ball 1-1: Fly out, F7 (Flyball, 78D, EV 103.8 MPH)
|
|
Batting: RHB Stephen Charbonneau
|
0-0: Called Strike 0-1: Ball 1-1: Called Strike 1-2: Strikes out swinging
|
| Top of the 4th over - 0 runs, 0 hits, 0 errors, 0 left on base; Columbus 0 - Omaha 3 |
| BOTTOM OF THE 4TH |
|
Omaha Storm Chasers batting - Pitching for Columbus Clippers : RHP Fred Huber
|
|
Batting: SHB Francisco Gutierrez
|
0-0: Called Strike 0-1: Ball 1-1: Ball 2-1: Foul Ball, location: 2F 2-2: Ball 3-2: Strikes out swinging
|
|
Batting: LHB Danny Bailey
|
0-0: Fly out, F3 (Line Drive, 4, EV 70.0 MPH)
|
|
Batting: RHB Yuichi Takata
|
0-0: Called Strike 0-1: Foul Ball, location: 2F 0-2: Strikes out swinging
|
| Bottom of the 4th over - 0 runs, 0 hits, 0 errors, 0 left on base; Columbus 0 - Omaha 3 |
| TOP OF THE 5TH |
|
Columbus Clippers batting - Pitching for Omaha Storm Chasers : RHP Malachi Shelton
|
|
Batting: RHB Chang-wei Jiang
|
0-0: Swinging Strike 0-1: Foul Ball, location: 2F 0-2: Ball 1-2: Fly out, F8 (Flyball, 8RD, EV 79.4 MPH)
|
|
Pinch Hitting: LHB Robert Watson
|
0-0: Ball 1-0: Called Strike 1-1: Called Strike 1-2: Strikes out looking
|
|
Batting: LHB Gabe White
|
0-0: Bunted foul 0-1: Called Strike 0-2: Ball 1-2: Ball 2-2: Ground out 4-3 (Groundball, 4, EV 80.0 MPH)
|
| Top of the 5th over - 0 runs, 0 hits, 0 errors, 0 left on base; Columbus 0 - Omaha 3 |
| BOTTOM OF THE 5TH |
|
Omaha Storm Chasers batting - Pitching for Columbus Clippers : RHP Fred Huber
|
|
Now in RF: Robert Watson
|
|
|
Batting: RHB Kevin Roseen
|
0-0: Called Strike 0-1: Foul Ball, location: 2F 0-2: Ball 1-2: Ball 2-2: Strikes out swinging
|
|
Batting: RHB Jason Birge
|
0-0: Swinging Strike 0-1: Ball 1-1: Ground out 4-3 (Groundball, 4S, EV 64.4 MPH)
|
|
Batting: LHB Jim Pankratz
|
0-0: Foul Ball, location: 2F 0-1: Fly out, F8 (Flyball, 8RD, EV 109.4 MPH)
|
| Bottom of the 5th over - 0 runs, 0 hits, 0 errors, 0 left on base; Columbus 0 - Omaha 3 |
| TOP OF THE 6TH |
|
Columbus Clippers batting - Pitching for Omaha Storm Chasers : RHP Malachi Shelton
|
|
Batting: LHB Corey Trevor
|
0-0: Ball 1-0: Ball 2-0: Called Strike 2-1: SINGLE (Groundball, 4MD, EV 98.8 MPH)
|
|
Pitching: RHP Joe Noonan
|
|
|
Batting: SHB Justin Veatch
|
0-0: Foul Ball, location: 2F 0-1: Called Strike 0-2: Strikes out swinging
|
|
Batting: LHB Jesus Lozano
|
0-0: Fly out, F8 (Line Drive, 89M, EV 86.2 MPH)
|
|
Batting: LHB Costodio Varino
|
0-0: Called Strike 0-1: SINGLE (Groundball, 4MD, EV 95.6 MPH) Corey Trevor to second Runner from 2nd tries for 3rd, SAFE, throw by CF made to third
|
|
Batting: LHB Jack Bell
|
0-0: Ground out 4-3 (Groundball, 4, EV 93.8 MPH)
|
| Top of the 6th over - 0 runs, 2 hits, 0 errors, 2 left on base; Columbus 0 - Omaha 3 |
| BOTTOM OF THE 6TH |
|
Omaha Storm Chasers batting - Pitching for Columbus Clippers : RHP Fred Huber
|
|
Batting: RHB Taisei Fujii
|
0-0: Ball 1-0: Swinging Strike 1-1: Called Strike 1-2: Ground out 6-3 (Groundball, 56, EV 108.1 MPH)
|
|
Batting: LHB Shigeru Ono
|
0-0: Ball 1-0: Ground out U3 (Groundball, 3L, EV 90.6 MPH)
|
|
Batting: RHB Danny Weisse
|
0-0: SINGLE (Groundball, 34D, EV 97.5 MPH)
|
|
Batting: SHB Francisco Gutierrez
|
0-0: Called Strike 0-1: Ball Danny Weisse is caught stealing 2nd base 2-6
|
| Bottom of the 6th over - 0 runs, 1 hit, 0 errors, 0 left on base; Columbus 0 - Omaha 3 |
| TOP OF THE 7TH |
|
Columbus Clippers batting - Pitching for Omaha Storm Chasers : RHP Joe Noonan
|
|
Batting: RHB Stephen Charbonneau
|
0-0: Ball 1-0: Called Strike 1-1: Ball 2-1: Foul Ball, location: 2F 2-2: Strikes out swinging
|
|
Batting: RHB Chang-wei Jiang
|
0-0: Called Strike 0-1: SINGLE (Groundball, 56D, EV 95.6 MPH) (infield hit)
|
|
Batting: LHB Robert Watson
|
0-0: Called Strike 0-1: Ball Chang-wei Jiang steals 2nd base 1-1: Foul Ball, location: 2F 1-2: Strikes out swinging
|
|
Batting: LHB Gabe White
|
0-0: Ball 1-0: Called Strike 1-1: Foul Ball, location: 2F 1-2: Ball 2-2: Ball 3-2: Strikes out swinging
|
| Top of the 7th over - 0 runs, 1 hit, 0 errors, 1 left on base; Columbus 0 - Omaha 3 |
| BOTTOM OF THE 7TH |
|
Omaha Storm Chasers batting - Pitching for Columbus Clippers : RHP Fred Huber
|
|
Batting: SHB Francisco Gutierrez
|
0-0: Ball 1-0: Foul Ball, location: 2F 1-1: TRIPLE (Line Drive, 89XD, EV 105.0 MPH)
|
|
Batting: LHB Danny Bailey
|
0-0: Intentional Walk
|
|
Batting: RHB Yuichi Takata
|
0-0: Ball Wild Pitch! Francisco Gutierrez scores Danny Bailey to second 1-0: Called Strike 1-1: Bunted foul 1-2: Foul Ball, location: 2F 1-2: Ball 2-2: Strikes out swinging
|
|
Batting: RHB Kevin Roseen
|
0-0: Called Strike 0-1: Ball 1-1: Ground out 6-3 (Groundball, 6, EV 89.4 MPH) Danny Bailey to third
|
|
Pitching: RHP Kensaku Shiba
|
|
|
Batting: RHB Jason Birge
|
0-0: Swinging Strike 0-1: Swinging Strike 0-2: Strikes out swinging
|
| Bottom of the 7th over - 1 run, 1 hit, 0 errors, 1 left on base; Columbus 0 - Omaha 4 |
| TOP OF THE 8TH |
|
Columbus Clippers batting - Pitching for Omaha Storm Chasers : RHP Joe Noonan
|
|
Pitching: RHP Rich Frontczak
|
|
|
Batting: LHB Corey Trevor
|
0-0: Ball 1-0: Ground out 4-3 (Groundball, 4, EV 86.9 MPH)
|
|
Batting: SHB Justin Veatch
|
0-0: Ball 1-0: Swinging Strike 1-1: Ball 2-1: Swinging Strike 2-2: Foul Ball, location: 2F 2-2: Foul Ball, location: 2F 2-2: Strikes out swinging
|
|
Batting: LHB Jesus Lozano
|
0-0: Called Strike 0-1: Ball 1-1: Ball 2-1: Ball 3-1: Base on Balls
|
|
Batting: LHB Costodio Varino
|
0-0: Swinging Strike 0-1: Swinging Strike 0-2: Ball 1-2: Strikes out swinging
|
| Top of the 8th over - 0 runs, 0 hits, 0 errors, 1 left on base; Columbus 0 - Omaha 4 |
| BOTTOM OF THE 8TH |
|
Omaha Storm Chasers batting - Pitching for Columbus Clippers : RHP Kensaku Shiba
|
|
Batting: LHB Jim Pankratz
|
0-0: Called Strike 0-1: Ball 1-1: Foul Ball, location: 2F 1-2: Foul Ball, location: 2F 1-2: Strikes out looking
|
|
Batting: RHB Taisei Fujii
|
0-0: Ball 1-0: SINGLE (Groundball, 34D, EV 106.9 MPH)
|
|
Batting: LHB Shigeru Ono
|
0-0: Ball 1-0: Ball 2-0: Called Strike 2-1: Grounds into double play, 5-4-3 (Groundball, 56S, EV 90.0 MPH)
|
| Bottom of the 8th over - 0 runs, 1 hit, 0 errors, 0 left on base; Columbus 0 - Omaha 4 |
| TOP OF THE 9TH |
|
Columbus Clippers batting - Pitching for Omaha Storm Chasers : RHP Rich Frontczak
|
|
Pitching: RHP Terry Romaine
|
|
|
Batting: LHB Jack Bell
|
0-0: Called Strike 0-1: Foul Ball, location: 2F 0-2: Ball 1-2: Fly out, F6 (Popup, 6MS, EV 83.8 MPH)
|
|
Batting: RHB Stephen Charbonneau
|
0-0: Called Strike 0-1: Foul Ball, location: 2F 0-2: Fly out, F7 (Flyball, 7LS, EV 91.9 MPH)
|
|
Batting: RHB Chang-wei Jiang
|
0-0: Ball 1-0: Foul Ball, location: 2F 1-1: Foul Ball, location: 2F 1-2: Foul Ball, location: 2F 1-2: Ball 2-2: Foul Ball, location: 2F 2-2: Strikes out swinging
|
| Top of the 9th over - 0 runs, 0 hits, 0 errors, 0 left on base; Columbus 0 - Omaha 4 |
|